Map: Moonlight Madness LE (Void)

Players

Javert - Winner!

  • Race: Zerg Zerg
  • League: Platinum

BunniES

  • Race: Terran Terran
  • League: Gold

VOD

Have the link to the VOD?

Description

Time

  • Played on: Aug. 20, 2015, 11:35 p.m.
  • Length: 8:53
Show
View Real Time Build Order
Export as new Build Order

Javert Zerg - Winner!

Build Orders: Hatch First 

Get SALT Encoding   

  12  0:01  Drone  
  13  0:14  Overlord  
  13  0:19  Drone  
  14  0:32  Drone x2  
  16  0:36  Drone  
  17  0:55  Hatchery, Drone  
  17  1:00  Drone, Extractor  
  17  1:09  Drone  
  18  1:20  Spawning Pool  
  18  1:21  Drone  
  18  1:30  Drone  
  19  1:46  Drone  
  20  1:53  Drone  
  21  2:09  Metabolic Boost, Queen x2  
  21  2:12  Overlord  
  25  2:17  Zergling x4  
  25  2:20  Drone  
  28  2:38  Drone  
  28  2:39  Drone x2  
  31  2:44  Queen  
  31  2:50  Overlord  
  33  2:55  Drone  
  33  2:56  Drone x2  
  36  3:11  Drone x2  
  37  3:17  Drone x4  
  37  3:18  Drone x2  
  43  3:29  Overlord  
  43  3:32  Lair  
  43  3:35  Extractor  
  43  3:36  Extractor  
  43  3:37  Extractor  
  43  3:40  Drone x3  
  43  3:53  Drone x4  
  47  4:03  Drone x2  
  49  4:12  Zergling x4  
  51  4:21  Zergling x2  
  51  4:22  Zergling x2  
  51  4:24  Overlord x2  
  51  4:30  Zergling x2  
  51  4:31  Zergling x6  
  51  4:45  Drone x2  
  49  4:50  Drone, Spire  
  49  4:53  Queen x2  
  49  4:57  Drone x3  
  55  5:07  Drone  
  55  5:08  Drone  
  53  5:14  Drone x2  
  53  5:20  Hatchery  
  52  5:25  Drone x2  
  50  5:40  Zergling x4  
  52  5:51  Zergling x4  
  52  5:53  Queen  
  52  5:55  Overlord  
  56  6:04  Mutalisk x4  
  56  6:05  Mutalisk  
  56  6:07  Extractor  
  56  6:08  Extractor  
  64  6:15  Drone x2  
  66  6:23  Mutalisk x2  
  67  6:33  Queen  
  67  6:36  Drone x4  
  73  6:45  Drone x4  
  73  6:46  Drone  
  78  6:50  Baneling Nest  
  78  6:54  Mutalisk x2  
  77  6:57  Overlord  
  81  7:04  Overlord x2  
  81  7:11  Overlord x2, Spine Crawler  
  81  7:14  Overseer  
  80  7:16  Drone x2  
  80  7:17  Drone  
  81  7:33  Mutalisk  
  81  7:34  Mutalisk x4  
  86  7:44  Drone x2  
  86  7:45  Drone x2  
  90  7:55  Zergling x8  
  90  7:56  Zergling x6  
  97  8:17  Drone x3  
  97  8:18  Drone x3  
  101  8:35  Drone x3  
  101  8:36  Drone x6  
Show
View Real Time Build Order
Export as new Build Order

BunniES Terran 

Build Orders: 1/1/1, Mech 

Get SALT Encoding   

  12  0:01  SCV  
  13  0:13  SCV  
  14  0:18  Supply Depot  
  14  0:25  SCV  
  15  0:40  SCV  
  15  0:42  Barracks  
  16  0:45  Refinery  
  16  0:52  SCV  
  17  1:04  SCV  
  18  1:16  SCV  
  18  1:18  Refinery  
  19  1:28  SCV  
  19  1:30  Marine  
  21  1:33  Supply Depot  
  21  1:40  SCV  
  21  1:44  Factory  
  22  1:48  Marine  
  23  1:55  SCV  
  24  2:02  Supply Depot  
  24  2:07  SCV  
  25  2:13  Marine  
  26  2:19  SCV  
  27  2:28  Factory Tech Lab, Starport  
  27  2:31  Marine  
  27  2:35  Orbital Command  
  28  2:48  Siege Tank  
  31  2:59  Supply Depot  
  31  3:05  SCV, Medivac  
  34  3:18  Barracks Reactor  
  34  3:20  SCV  
  34  3:25  Siege Tank  
  38  3:31  Supply Depot  
  38  3:32  SCV  
  39  3:41  Medivac  
  41  3:44  SCV  
  42  3:56  Marine x2  
  43  4:08  Siege Tank  
  46  4:14  Marine x2  
  47  4:32  Marine  
  47  4:33  Command Center  
  45  4:47  SCV  
  45  4:48  Marine  
  45  4:49  Siege Tank, Marine  
  51  4:59  SCV  
  52  5:12  SCV  
  53  5:16  Marine x2  
  55  5:30  Supply Depot  
  55  5:31  Supply Depot  
  55  5:44  Medivac  
  55  5:45  Siege Tank  
  55  5:46  Orbital Command  
  60  5:50  Supply Depot  
  60  5:55  Factory  
  60  5:56  Factory  
  55  6:24  Marine x2  
  55  6:25  Siege Tank, Medivac  
  62  6:37  Engineering Bay  
  62  6:41  Marine x2  
  62  6:42  Supply Depot  
  62  6:44  Supply Depot  
  59  6:48  Factory Tech Lab, Factory Reactor, Orbital Command  
  57  7:01  SCV  
  57  7:02  Marine  
  58  7:10  Refinery  
  58  7:13  SCV  
  59  7:22  SCV  
  57  7:24  Missile Turret  
  57  7:26  Marine x2  
  47  7:44  Hellion, Marine x2  
  47  7:45  SCV  
  47  7:46  SCV  
  47  7:49  Hellion  
  44  7:58  SCV x2  
  44  8:02  Marine x2  
  45  8:07  Widow Mine  
  45  8:12  Factory Tech Lab  
  42  8:20  Marine x2  
Tags
 
Add a new tag
Caveats
  • Supply blocks, unpowered buildings, or Contaminate may cause inaccurate times.
  • Supply counts are checked every 10 seconds.